 Dungeon Crawl Stone Soup version 0.32-a0-560-g4c7f4391e0 (webtiles) character file.

Game seed: 5782223389129762803

67741 jasper the Warrior (level 14, 0/134 (140) HPs)
             Began as a Green Draconian Shapeshifter on Feb 29, 2024.
             Was an Initiate of Gozag.
             Slain by a harpy (3 damage)
             ... on level 12 of the Dungeon.
             The game lasted 00:37:58 (22839 turns).

jasper the Warrior (Green Draconian Shapeshifter)  Turns: 22839, Time: 00:37:58

HP:   0/134 (140)   AC: 14    Str: 20    XL:     14   Next: 84%
MP:   2/14          EV: 20    Int: 11    God:    Gozag
Gold: 5265          SH:  0    Dex: 12    Spells: 4/13 levels left

rFire   + +          .
                       - Unarmed
rCold   + . .        (shield currently unavailable)
rNeg    . . .        (body armour unavailable)
rPois   +            (helmet restricted)
rElec   +            P - scarf of the Riding Gods {shadows, Rampage rF+ rCorr Slay+2}
rCorr   +            a - +2 pair of gloves
SInv    .            r - +2 pair of boots {Fly}
Will    +....        (no amulet)
Stlth   +            f - ring of resist corrosion
HPRegen 0.42/turn    (no ring)
MPRegen 0.14/turn

%: rampage
@: mighty, brilliant, flux-form, resistant, flying, hasted, glowing, studying
Dodging, lightly drained, invisible (but backlit and visible), very quick
A: glow, contaminating, noxious breath, AC +8, unfitting armour, stinger 1,
poison resistance, cold-blooded
a: Noxious Breath, Begin Untransformation, Renounce Religion, Potion Petition,
Call Merchant, Bribe Branch


You were on level 12 of the Dungeon.
You worshipped Gozag.
Gozag was greatly pleased with you.
You were something dangerously unstable.
You visited 4 branches of the dungeon, and saw 20 of its levels.
You also visited: Bailey.

You collected 6871 gold pieces.
You spent 705 gold pieces at shops.
You paid 901 gold pieces to Gozag.

Inventory:

Missiles
 d - 118 stones (quivered)
 M - 3 throwing nets
Armour
 a - a +2 pair of gloves (worn)
 g - a +1 helmet
 o - a +1 helmet of see invisible
 r - a +2 pair of boots of flying (worn)
 P - the scarf of the Riding Gods (worn) {shadows, Rampage rF+ rCorr Slay+2}
   (You acquired it on level 3 of the Lair of Beasts)

   Slay+2:    It affects your accuracy & damage with ranged weapons and melee
   (+2).
   rF+:       It protects you from fire.
   rCorr:     It protects you from acid and corrosion.
   Rampage:   It bestows one free step when moving towards enemies.
Jewellery
 f - a ring of resist corrosion (left hand)
 w - a ring of wizardry
 B - a ring of positive energy
 C - a ring of willpower
 K - a +6 ring of dexterity
 S - an amulet of reflection
 T - a ring of fire
 U - a ring of flight
Talismans
 b - a beast talisman
 c - a flux talisman (active)
 k - a maw talisman
Wands
 h - a wand of digging (8)
 j - a wand of paralysis (34)
 x - a wand of polymorph (7)
 D - a wand of warping (1)
 R - a wand of mindburst (6)
Scrolls
 e - 11 scrolls of teleportation
 m - 4 scrolls of fog
 n - 3 scrolls of amnesia
 q - 3 scrolls of enchant armour
 v - 5 scrolls of blinking
 y - a scroll of torment
 E - 2 scrolls of enchant weapon
 G - a scroll of immolation
 I - 2 scrolls of fear
 N - 2 scrolls of identify
 O - 2 scrolls of noise {unknown}
 Q - a scroll of summoning {unknown}
 W - a scroll of revelation
Potions
 i - 4 potions of brilliance
 l - 4 potions of enlightenment
 p - a potion of might
 s - 3 potions of ambrosia
 t - a potion of attraction
 u - 4 potions of curing
 z - 2 potions of degeneration
 A - 2 potions of magic
 F - a potion of lignification
 H - 2 potions of resistance
 J - 3 potions of mutation
 L - 5 potions of heal wounds
 V - a potion of invisibility {unknown}


   Skills:
 + Level 17.1 Fighting
 - Level 10.0 Dodging
 - Level 16.0 Unarmed Combat
 - Level 7.0 Fire Magic
 - Level 10.0 Alchemy
 - Level 7.0 Shapeshifting


You had 4 spell levels left.
You knew the following spells:

 Your Spells              Type           Power      Damage    Failure   Level
a - Apportation           Tloc           0%         N/A       34%         1
b - Ignite Poison         Fire/Alch      28%        N/A       11%         4
c - Olgreb's Toxic Radia  Alch           33%        N/A       6%          4

Your spell library contained the following spells:

 Spells                   Type           Power      Damage    Failure   Level
 Sting                    Conj/Alch      64%        1d7       4%          1
 Mercury Vapours          Alch/Air       32%        N/A       7%          2
 Cigotuvi's Dreadful Rot  Necr/Alch/Air  20%        N/A       14%         2
 Inner Flame              Hex/Fire       11%        N/A       26%         3
 Volatile Blastmotes      Fire/Tloc      22%        2d11      26%         3
 Necrotise                Necr           0%         1d4       34%         1
 Summon Small Mammal      Summ           0%         N/A       34%         1
 Fulminant Prism          Conj/Alch      8%         3d7       41%         4
 Jinxbite                 Hex            0%         N/A       47%         2
 Iskenderun's Mystic Bla  Conj/Tloc      0%         2d3       98%         4
 Irradiate                Conj/Alch      8%         3d14      77%         5
 Yara's Violent Unravell  Hex/Alch       8%         3d5       77%         5
 Freezing Cloud           Conj/Ice/Air   0%         6-21      100%        5
 Enfeeble                 Hex            0%         N/A       100%        7
 Ozocubu's Refrigeration  Ice            0%         4d7       100%        7
 Discord                  Hex            0%         N/A       100%        8
 Ignition                 Fire           11%        3d5       100%        8


Dungeon Overview and Level Annotations

Branches:
Dungeon (12/15)            Temple (1/1) D:4            Lair (5/5) D:9
  Slime (0/5) Lair:4          Orc (2/2) D:10            Elf (0/3) Orc:2
 Bailey (visited)
  Swamp: Lair:2-3    Shoals: Lair:2-3     Snake: Lair:2-3    Spider: Lair:2-3

Altars:
Ashenzari
Cheibriados
Dithmenos
Elyvilon
Fedhas
Gozag
Hepliaklqana
Kikubaaqudgha
Makhleb
Nemelex Xobeh
Okawaru
Qazlal
Ru
Sif Muna
Trog
Uskayaw
Vehumet
Wu Jian
Xom
Yredelemnul
Zin
The Shining One
Lugonu

Shops:
D:1 (   D:4 (   D:6 :   Orc:1 (   Orc:2 ?!*:*

Portals:
Abyss: D:3

Annotations:
D:5 3 runed translucent doors, dang3rdave's ghost, novice GrSh
D:11 3 runed translucent doors, SageDae's ghost, journeyman MDFi
Lair:4 1 runed translucent door, exclusion: oklob plant


Innate Abilities, Weirdness & Mutations

You are something dangerously unstable.
You glow with magical radiation, making you easy to see and hit.
Foes you strike become dangerously contaminated with magical radiation.
You are incapable of wielding weapons or throwing items.
You can breathe blasts of noxious fumes.
Your lurid green scales are hard. (AC +8)
You cannot fit into any form of body armour.
Your tail ends in a venomous barb.
Your system is resistant to poisons. (rPois)
You are cold-blooded and may be slowed by cold attacks.


Message History

Okay, then. [a] - 480 gold - resistance, might and haste [b] - 340 gold - lignification, might and resistance [c] - 468 gold - haste, might and brilliance Purchase which effect?
You feel protected.
You feel very mighty all of a sudden.
You feel yourself speed up.
The tengu warrior looks as sick as possible!
Your toxic aura wanes.
The harpy closely misses you. x2; The harpy misses you.
The harpy barely misses you. The harpy misses you.
The harpy completely misses you.
The boulder beetle bites you but does no damage.
The tengu warrior hits you with a +2 great mace of draining.
* * * LOW HITPOINT WARNING * * *
You feel drained.
* * * LOW HITPOINT WARNING * * *
The tengu warrior barely misses you. The tengu warrior misses you.
You take 8 damage, and have 9/134 hp. [a] - 392 gold - resistance and might [b] - 810 gold - lignification, might, resistance and haste [c] - 352 gold - might, brilliance and invisibility Purchase which effect?
You feel mightier all of a sudden.
You feel clever all of a sudden.
You become transparent, but the glow from your form prevents you from becoming completely invisible.
The harpy claws you!
* * * LOW HITPOINT WARNING * * *
The harpy misses you. The harpy barely misses you.
The harpy claws you but does no damage. The harpy barely misses you. x2
The boulder beetle completely misses you.
You take 7 damage, and have 2/134 hp.
Okay, then.
Blink to where?
Press: ? - help, Dir - move target
As you read the scroll of blinking, it crumbles to dust.
You closely miss the harpy. You tail-slap the harpy!
The harpy is moderately wounded.
The harpy claws you.
You die...
Your body crumbles into a pile of gold.

#$.≈≈.##....##.≈
#.≈≈.)#......#
.....##Q.##.~##
######~~....~~###
.......H........######
.....................+
.....................###
.......H.............#..
.......p.............#..
...............[.....'..
.....................#..
######......#####..#####
.......#......#....
........#......#....
........#......#....
......#......#....
......#......#....


You could see a tengu warrior (very poisoned, heavy contam) and 2 harpies.

Vanquished Creatures
  An ice dragon (Lair:5)
  Harold (Lair:2)
  A centaur warrior (Orc:2)
  2 hydras (Lair:5)
  2 two-headed ogres (D:8)
  A boulder beetle (D:8)
  3 tengu warriors (D:12)
  A death yak (Lair:2)
  Sonja (Lair:5)
  2 orc high priests (Bailey)
  4 skysharks
  An arcanist (D:12)
  3 orc knights
  A lindwurm (Lair:5)
  A harpy (D:12)
  3 orc sorcerers
  An ugly thing (D:11)
  8 black mambas
  10 elephants
  5 torpor snails (Lair:5)
  4 kobold blastminers (Orc:2)
  11 cane toads
  11 komodo dragons
  2 ice devils (Orc:1)
  5 rime drakes
  5 polar bears
  5 trolls
  9 hornets
  4 tyrant leeches (Lair:5)
  6 dream sheep (Lair:3)
  11 blink frogs
  5 slime creatures
  7 wyverns
  10 spriggans (Lair:2)
  56 yaks
  5 basilisks
  2 wargs (Orc:1)
  2 vampire mosquitoes (D:12)
  Menkaure (D:4)
  An acid dragon (D:11)
  21 water moccasins
  Duvessa (D:7)
  51 orc warriors
  9 ice beasts
  14 black bears
  5 ogres
  16 wolves
  A phantom (D:6)
  8 centaurs (Orc:2)
  5 kobold brigands
  12 bullfrogs
  A scorpion (D:6)
  Dowan (D:7)
  6 killer bees (D:10)
  7 electric eels
  4 howler monkeys
  2 bombardier beetles
  6 hounds
  20 orc priests
  A gnoll bouda (D:7)
  2 jellies
  2 sleepcaps
  Jessica (D:2)
  Natasha (thrice) (D:3)
  2 iguanas (D:6)
  25 orc wizards
  4 hell rats (Lair:5)
  2 hound skeletons (D:3)
  8 gnolls
  8 adders
  A shadow imp (D:7)
  A white imp (D:7)
  2 ufetubi (D:5)
  3 dart slugs
  3 ribbon worms
  89 orcs
  8 bats
  3 endoplasms
  4 giant cockroaches
  16 goblins
  10 hobgoblins
  5 jackals (D:2)
  33 kobolds
  4 quokkas
  6 ball pythons
  8 frilled lizards
  A giant cockroach zombie (D:3)
  A quokka skeleton (D:3)
  3 rats
  A lurking horror (D:3)
664 creatures vanquished.

Vanquished Creatures (others)
  An orc warrior (Orc:2)
  An orc wizard (Orc:2)
2 creatures vanquished.

Grand Total: 666 creatures vanquished

Notes
Turn   | Place    | Note
-------+----------+-------------------------------------------
     0 | D:1      | jasper the Draconian Shapeshifter began the quest for the
                  | Orb.
     0 | D:1      | Reached XP level 1. HP: 16/16 MP: 1/1
   187 | D:2      | Noticed Jessica
   203 | D:2      | Killed Jessica
   204 | D:2      | Reached XP level 2. HP: 23/23 MP: 2/2
   204 | D:2      | Reached XP level 3. HP: 28/28 MP: 3/3
   391 | D:1      | Found Wiaskuoc's Antique Weapon Shoppe.
   872 | D:1      | Reached XP level 4. HP: 35/35 MP: 4/4
  1059 | D:3      | Reached skill level 5 in Unarmed Combat
  1207 | D:3      | Found a glowing silver altar of Zin.
  1389 | D:3      | Reached XP level 5. HP: 30/40 MP: 5/5
  1439 | D:3      | Found a corrupted altar of Lugonu.
  1440 | D:3      | Found a one-way gate to the infinite horrors of the Abyss.
  1716 | D:3      | Found a shadowy altar of Dithmenos.
  1804 | D:3      | Found a basalt altar of Yredelemnul.
  1819 | D:3      | Noticed Natasha
  1827 | D:3      | Killed Natasha
  1936 | D:3      | Noticed Natasha
  1946 | D:3      | Killed Natasha
  2080 | D:3      | Noticed Natasha
  2089 | D:3      | Killed Natasha
  2090 | D:3      | Reached skill level 5 in Shapeshifting
  2238 | D:4      | Noticed Menkaure
  2249 | D:4      | Killed Menkaure
  2250 | D:4      | Reached XP level 6. HP: 18/47 MP: 6/6
  2373 | D:4      | Found Gaasuelu's Weapon Shop.
  2690 | D:4      | Found a staircase to the Ecumenical Temple.
  2701 | D:4      | Your scales start taking on a lurid green colour.
  2701 | D:4      | Reached XP level 7. HP: 11/52 MP: 7/7
  2701 | D:4      | Gained mutation: Your system is resistant to poisons.
                  | (rPois) [Green Draconian growth]
  2717 | Temple   | Entered the Ecumenical Temple
  2734 | Temple   | Became a worshipper of Gozag Ym Sagoz the Greedy
  2876 | D:4      | Found a burning altar of Makhleb.
  2990 | D:5      | Entered Level 5 of the Dungeon
  2990 | D:5      | Found a runed translucent gate.
  2998 | D:5      | Found a runed translucent gate.
  2998 | D:5      | Found a runed translucent gate.
  2998 | D:5      | Noticed dang3rdave's ghost (novice GrSh)
  3125 | D:5      | Reached skill level 2 in Fighting
  3346 | D:5      | Reached skill level 3 in Fighting
  4098 | D:6      | Reached XP level 8. HP: 66/66 MP: 8/8
  4105 | D:6      | Reached skill level 4 in Fighting
  4144 | D:6      | Found Ujasiunedy's Book Shop.
  4800 | D:7      | Reached skill level 5 in Fighting
  4861 | D:7      | Reached skill level 6 in Fighting
  5113 | D:7      | Reached XP level 9. HP: 48/78 MP: 9/9
  5146 | D:7      | Reached skill level 7 in Fighting
  5157 | D:7      | Noticed Dowan
  5159 | D:7      | Noticed Duvessa
  5173 | D:7      | Killed Duvessa
  5180 | D:7      | Killed Dowan
  5212 | D:7      | Reached skill level 8 in Fighting
  5261 | D:7      | Found a flagged portal.
  5281 | Bailey   | Entered a bailey
  5619 | Bailey   | Learned a level 1 spell: Apportation
  5624 | Bailey   | Learned a level 4 spell: Ignite Poison
  5670 | Bailey   | Noticed an orc high priest
  5683 | Bailey   | Killed an orc high priest
  5684 | Bailey   | Reached skill level 9 in Fighting
  5940 | Bailey   | Reached skill level 10 in Unarmed Combat
  5940 | Bailey   | Reached XP level 10. HP: 91/91 MP: 10/10
  6380 | Bailey   | Found an iron altar of Okawaru.
  6380 | Bailey   | Noticed an orc high priest
  6395 | Bailey   | Killed an orc high priest
  6396 | Bailey   | Reached skill level 10 in Fighting
  6478 | Bailey   | Identified the +0 helmet of Gyhaur {rPois rF+++ Int-3}
  6802 | Bailey   | Acquired a manual of Dodging
  7058 | D:7      | Learned a level 4 spell: Olgreb's Toxic Radiance
  7324 | D:8      | Noticed a two-headed ogre
  7338 | D:8      | Killed a two-headed ogre
  7412 | D:8      | Reached skill level 11 in Fighting
  7412 | D:8      | Noticed a boulder beetle
  7469 | D:8      | Noticed a two-headed ogre
  7481 | D:8      | Killed a two-headed ogre
  7551 | D:8      | Killed a boulder beetle
  7552 | D:8      | Reached XP level 11. HP: 97/102 MP: 11/11
  8436 | D:9      | Reached skill level 10 in Dodging
  8450 | D:9      | Reached skill level 1 in Alchemy
  8544 | D:9      | Found a staircase to the Lair.
  8969 | D:10     | Entered Level 10 of the Dungeon
  9271 | D:10     | Reached skill level 5 in Alchemy
 10006 | D:10     | Found a staircase to the Orcish Mines.
 10511 | D:11     | Found a runed translucent gate.
 10511 | D:11     | Found a runed translucent gate.
 10511 | D:11     | Found a runed translucent gate.
 10511 | D:11     | Noticed a minotaur
 10512 | D:11     | Noticed SageDae's ghost (journeyman MDFi)
 10705 | D:11     | Noticed a cyan ugly thing
 10719 | D:11     | Killed a white ugly thing
 10817 | D:11     | Identified the +2 halberd "Leilaki" {venom, Int+6}
 11292 | Lair:1   | Entered Level 1 of the Lair of Beasts
 11330 | Lair:1   | Reached skill level 10 in Alchemy
 11335 | Lair:1   | Reached skill level 1 in Fire Magic
 11359 | Lair:1   | Reached XP level 12. HP: 52/110 MP: 12/12
 11739 | Lair:1   | Reached skill level 5 in Fire Magic
 13079 | Lair:2   | Noticed Harold
 13090 | Lair:2   | Killed Harold
 13329 | Lair:2   | Reached skill level 12 in Fighting
 13749 | Lair:2   | Reached XP level 13. HP: 92/119 MP: 4/13
 14092 | Lair:2   | Reached skill level 13 in Fighting
 14751 | Lair:2   | Found a white marble altar of Elyvilon.
 15897 | Lair:3   | Acquired the scarf of the Riding Gods {shadows, Rampage rF+
                  | rCorr Slay+2}
 15971 | Lair:3   | Found a glowing golden altar of the Shining One.
 15991 | Lair:3   | Reached skill level 14 in Fighting
 16106 | Lair:3   | You are sucked into a shaft and drop 1 floor!
 16210 | Lair:4   | Found a runed translucent door.
 16212 | Lair:4   | Noticed an acid blob
 16212 | Lair:4   | Noticed an acid blob
 16227 | Lair:4   | Found a staircase to the Slime Pits.
 16227 | Lair:4   | Noticed an acid blob
 17154 | Lair:5   | Entered Level 5 of the Lair of Beasts
 17180 | Lair:5   | Upgraded the game from 0.32-a0-558-g233958a4c4 to
                  | 0.32-a0-560-g4c7f4391e0
 17394 | Lair:5   | Reached skill level 15 in Fighting
 17573 | Lair:5   | Gained mutation: Your tail ends in a venomous barb. [Green
                  | Draconian growth]
 17573 | Lair:5   | Reached XP level 14. HP: 118/133 MP: 14/14
 18700 | Lair:5   | Noticed Sonja
 18708 | Lair:5   | Paralysed by a hornet for 3 turns
 18711 | Lair:5   | Killed Sonja
 18731 | Lair:5   | Reached skill level 15 in Unarmed Combat
 19553 | Orc:1    | Entered Level 1 of the Orcish Mines
 19948 | Orc:1    | Reached skill level 16 in Fighting
 20088 | Orc:1    | Found Iromonn's Antique Weapon Shop.
 20268 | Orc:2    | Entered Level 2 of the Orcish Mines
 20436 | Orc:2    | Found a staircase to the Elven Halls.
 21170 | Orc:2    | Found Afoidam's Magic Scroll Boutique.
 21273 | Orc:2    | Bought a scroll of teleportation for 39 gold pieces
 21273 | Orc:2    | Bought a scroll of blinking for 97 gold pieces
 21273 | Orc:2    | Bought a scroll of teleportation for 39 gold pieces
 21273 | Orc:2    | Bought a scroll of blinking for 97 gold pieces
 21273 | Orc:2    | Bought a scroll of revelation for 97 gold pieces
 21530 | Orc:2    | Found Titu's Book Emporium.
 21530 | Orc:2    | Found Pinydum's General Store.
 21531 | Orc:2    | Found Suqyken's Distillery.
 21533 | Orc:2    | Found Vepn's Assorted Antiques.
 21751 | Orc:2    | Bought a potion of heal wounds for 60 gold pieces
 21751 | Orc:2    | Bought a potion of heal wounds for 60 gold pieces
 21751 | Orc:2    | Bought a potion of enlightenment for 60 gold pieces
 21751 | Orc:2    | Bought a potion of enlightenment for 60 gold pieces
 21751 | Orc:2    | Bought a potion of ambrosia for 96 gold pieces
 22814 | D:12     | Reached skill level 17 in Fighting
 22834 | D:12     | HP: 2/134 [harpy (8)]
 22839 | D:12     | Slain by a harpy

Illustrated notes

Levels and vault maps discovered:
D:1:      lemuel_arrival_cross, layout_loops_cross, serial_shops,
          nicolae_shop_trees
D:2:      layout_rooms, minmay_misc_feat_secret_circle, uniq_jessica
D:3:      layout_basic, grunt_dithmenos_smoke, mainiacjoe_overflow_catwalk,
          lemuel_coloured_pillars_altar, serial_undead, serial_undead_e,
          serial_undead_d, serial_undead_c, serial_undead_d,
          amcnicky_altar_lugonu_corruption, uniq_natasha
D:4:      layout_rooms, bloody_makhleb, minmay_temple_entry_glass, serial_shops,
          nicolae_shop_temple_entry_statues_fountains, minivault_14,
          uniq_menkaure
D:5:      layout_cave_pools, serial_rivers, chequers_serial_rivers_micro_c,
          chequers_serial_rivers_small_b, chequers_serial_rivers_small_a,
          chequers_serial_rivers_small_3, chequers_serial_rivers_room_a,
          chequers_serial_rivers_micro_a, gammafunk_ghost_necromancy,
          nicolae_twisty_statue_hallways
D:6:      layout_basic, serial_shops, nicolae_book_shop_shelving,
          minmay_lizard_king
D:7:      hangedman_cross_stitches, layout_rooms, enter_bailey_2, uniq_duvessa
D:8:      layout_cave_pools, serial_park_tiny_pond, nrook_mini_backslash,
          corner_web_ring
D:9:      layout_basic, hellmonk_lair_entry_icy
D:10:     layout_basic, erik_orc_2
D:11:     layout_basic, maelrawn_ghost_gauntlet_escape, grunt_decor_one_mirror
D:12:     layout_grid_maze, hangedman_aviary
Temple:   nicolae_temple_two_arcs
Lair:1:   layout_cave_pods, beast_lair_carwin_8, infiniplex_staircase_pool,
          lemuel_fruit_tree, serial_bayou_shore_a, grunt_megastairs_1
Lair:2:   kb_forest_paths, layout_cave_pods, basic_altar, beast_lair_carwin_7,
          uniq_harold
Lair:3:   layout_regular_city, alex1729_swamp_entry_worm_eleionoma,
          nicolae_spider_entry_lesser_pyramids, basic_altar, grunt_megastairs_2
Lair:4:   layout_roguey, slime_entry_2
Lair:5:   wormcave, layout_long_grid, minivault_25, lemuel_fruit_fields,
          uniq_sonja
Orc:1:    layout_caves, portal_ice_cave_demonic_guard, serial_shops,
          nicolae_shop_tiny_statue_garden, minmay_orc_keep
Orc:2:    st_orc_rangers, layout_diamond_mine, serial_shops, shop

Skill      XL: |  1  2  3  4  5  6  7  8  9 10 11 12 13 14 |
---------------+-------------------------------------------+-----
Unarmed Combat | 4 5 6 8 10 11 12 14 16 | 16.0
Shapeshifting  | 4 5 6 7 |  7.0
Fighting       | 3 6 9 11 12 15 17 | 17.1
Dodging        | 7 10 | 10.0
Alchemy        | 10 | 10.0
Fire Magic     | 2 7 |  7.0

Action                     |  1- 3 |  4- 6 |  7- 9 | 10-12 | 13-15 || total
---------------------------+-------+-------+-------+-------+-------++-------
  Melee: Unarmed           |    69 |   157 |   346 |   730 |   780 ||  2082
         Tailslap          |     4 |    13 |    51 |   152 |   166 ||   386
         Punch             |       |     4 |     2 |       |       ||     6
  Throw: Stone             |     2 |       |     4 |       |       ||     6
   Cast: Olgreb's Toxic Ra |       |       |       |    22 |    36 ||    58
         Ignite Poison     |       |       |       |     8 |    23 ||    31
 Invoke: Potion Petition   |       |       |       |       |     2 ||     2
Ability: Noxious Breath    |       |       |     7 |     6 |     4 ||    17
  Evoke: Wand              |       |       |     1 |       |     1 ||     2
    Use: Potion            |     1 |     1 |     3 |       |     3 ||     8
         Scroll            |       |       |    13 |    12 |     2 ||    27
   Stab: Sleeping          |     1 |     1 |       |       |       ||     2
         Confused          |       |       |     5 |    11 |     1 ||    17
         Distracted        |       |       |       |     3 |       ||     3
 Armour: Skin              |    48 |    81 |   193 |   346 |   509 ||  1177
  Dodge: Dodged            |    39 |    97 |   300 |   630 |   820 ||  1886
   Form: Flux              |       |     1 |       |       |       ||     1

Table legend: (Time is in decaauts)
 A = Elapsed time spent in this place.
 B = Non-inter-level travel time spent in this place.
 C = Inter-level travel time spent in this place.
 D = Time resting spent in this place.
 E = Time spent auto-exploring this place.
 F = Levels seen in this place.
 G = Mean time per level.
                   A        B        C        D        E       F      G
               +--------+--------+--------+--------+--------+-----+--------+
         Total |  22435 |  21508 |    927 |   1268 |  15736 |  21 | 1068.3 |
       Dungeon |  10250 |   9782 |    468 |    760 |   6649 |  12 |  854.2 |
        Temple |     26 |     18 |      8 |      0 |      0 |   1 |   26.0 |
          Lair |   8037 |   7744 |    293 |    205 |   6178 |   5 | 1607.4 |
  Orcish Mines |   2498 |   2341 |    157 |      6 |   1887 |   2 | 1249.0 |
        Bailey |   1621 |   1621 |      0 |    297 |   1021 |   1 | 1621.0 |
               +--------+--------+--------+--------+--------+-----+--------+

Top non-repeatable levels by time:
  Lair:2: 2233 daAuts
  Lair:5: 2161 daAuts
  Lair:1: 2021 daAuts
   Orc:2: 1823 daAuts
  Bailey: 1621 daAuts
    D:10: 1509 daAuts
     D:3: 1136 daAuts
     D:5: 1097 daAuts
    D:11: 1060 daAuts
  Lair:4: 1054 daAuts
     D:6: 848 daAuts
     D:9: 825 daAuts
     D:8: 811 daAuts
     D:1: 806 daAuts
     D:4: 761 daAuts
